 Dungeon Crawl Stone Soup version 0.29-a0-668-g12ee2bf84d (webtiles) character file.

Game seed: 14401860753048953408

207 snarfax the Chopper (level 5, 0/37 HPs)
             Began as an Octopode Berserker on June 23, 2022.
             Was a Believer of Trog.
             Succumbed to an orc's poison
             ... on level 4 of the Dungeon.
             The game lasted 00:07:37 (3963 turns).

snarfax the Chopper (Octopode Berserker)            Turns: 3963, Time: 00:07:38

Health: 0/37       AC:  1    Str: 18    XL:     5   Next: 85%
Magic:  5/5        EV: 14    Int: 10    God:    Trog [**....]
Gold:   63         SH:  5    Dex: 11    Spells: 4/4 levels left

rFire   . . .      SeeInvis +   a - +1 hand axe
rCold   . . .      Faith    .   (no shield)
rNeg    . . .      Spirit   .   (helmet restricted)
rPois   .          Reflect  +   b - amulet of reflection
rElec   .          Harm     .   g - ring of see invisible
rCorr   .          Rampage  .   (no ring)
Will    .....                   (no ring)
Stlth   +++.......              (no ring)
HPRegen 0.12/turn               (no ring)
MPRegen 0.09/turn               (no ring)
                                (no ring)
                                (no ring)

@: lethally poisoned (0 -> -34), attractive
A: almost no armour, amphibious, 8 rings, camouflage 1, gelatinous body 1,
(nimble swimmer 1), tentacles
a: Renounce Religion, Berserk, Trog's Hand


You were on level 4 of the Dungeon.
You worshipped Trog.
Trog was pleased with you.
You visited 1 branch of the dungeon, and saw 4 of its levels.

You collected 188 gold pieces.
You spent 125 gold pieces at shops.

Inventory:

Hand Weapons
 a - a +1 hand axe (weapon)
Missiles
 e - a throwing net (quivered)
Jewellery
 b - an amulet of reflection (around mantle)
 g - a ring of see invisible (left tentacle)
Scrolls
 c - 6 scrolls of teleportation
 f - a scroll of enchant weapon
 j - a scroll of magic mapping
Potions
 h - 2 potions of attraction
 i - a potion of heal wounds {unknown}
 k - a potion of magic {unknown}


   Skills:
 + Level 3.8 Fighting
 * Level 4.6 Axes
 + Level 3.8 Dodging
 + Level 3.3 Stealth


You had 4 spell levels left.
You didn't know any spells.
Your spell library was empty.

Dungeon Overview and Level Annotations

Branches:
Dungeon (4/15)
 Temple: D:4-7

Altars:

Shops:
D:3 ?


Innate Abilities, Weirdness & Mutations

You cannot wear most types of armour.
You are amphibious.
You can wear up to eight rings at the same time.
Your skin changes colour to match your surroundings (Stealth+).
Your rubbery body absorbs attacks. (AC +1, EV +1)
((You are camouflaged when in or above water. (Stealth+)))
You have tentacles for arms and can constrict up to eight enemies at once.


Message History

The orc shouts!
Found a murky silvery potion and a jewelled glass wand.
Found a stone staircase leading down.
There is a stone staircase leading up here.
You climb upwards.
There is a stone staircase leading down here.
You barely miss the orc. You grab the orc.
You constrict the orc, but do no damage.
The orc hits you with a +0 club.
You hit the orc but do no damage. You constrict the orc.
The orc barely misses you.
You slash the orc!
You kill the orc!
Trog accepts your kill.
You climb downwards.
The orc hits you with a +0 dagger.
There is a stone staircase leading up here.
The orc priest mumbles some strange prayers to Beogh against you.
Beogh smites you! The orc barely misses you.
The orc shouts!
The orc wizard shouts!
You climb upwards.
There is a stone staircase leading down here.
You hit the orc. You grab the orc. You squeeze the orc, but do no damage.
The orc is almost dead.
You constrict the orc.
You kill the orc!
Trog accepts your kill.
You start resting.
HP restored.
You climb downwards.
The orc priest calls down the wrath of Beogh upon you.
Beogh smites you!
The orc hits you with a +2 war axe of venom!
You are lethally poisoned!
The orc hits you with a +2 war axe of venom.
* * * LOW HITPOINT WARNING * * *
You are more poisoned.
There is a stone staircase leading up here.
It was a potion of attraction.
You feel attractive to monsters.
You die...

##########
.....>...#
.........#
...o..o..#
.........#
.........#
.........######
.......@......!
.../....o......
...............
...............
####.#.........
#.####...... #
#.#..# .##..


You could see an orc priest, an orc wizard and an orc.

Vanquished Creatures
  Crazy Yiuf (D:2)
  Jessica (D:2)
  An orc wizard (D:3)
  6 adders
  2 worms (D:2)
  3 dart slugs
  5 orcs (D:3)
  6 ball pythons
  An endoplasm (D:3)
  A giant cockroach (D:2)
  5 goblins
  2 hobgoblins (D:2)
  4 jackals (D:1)
  4 kobolds (D:2)
  4 quokkas
  4 bats
  5 frilled lizards
  4 rats (D:3)
59 creatures vanquished.

Notes
Turn   | Place    | Note
-------+----------+-------------------------------------------
     0 | D:1      | snarfax the Octopode Berserker began the quest for the Orb.
     0 | D:1      | Reached XP level 1. HP: 16/16 MP: 1/1
   549 | D:1      | Reached XP level 2. HP: 16/21 MP: 2/2
   899 | D:1      | Reached skill level 1 in Stealth
  1344 | D:2      | Noticed Jessica
  1360 | D:2      | Reached XP level 3. HP: 5/26 MP: 3/3
  1364 | D:2      | HP: 1/26 [constriction (1)]
  1370 | D:2      | Killed Jessica
  1371 | D:2      | Reached XP level 4. HP: 3/31 MP: 4/4
  1824 | D:2      | Reached skill level 4 in Axes
  2265 | D:2      | Found a runed translucent door.
  2266 | D:2      | Noticed Crazy Yiuf
  2364 | D:2      | Reached XP level 5. HP: 36/36 MP: 5/5
  2436 | D:2      | Killed Crazy Yiuf
  2889 | D:3      | Reached ** piety under Trog
  3052 | D:3      | Found Soex's Magic Scroll Shoppe.
  3061 | D:3      | Bought a scroll of magic mapping for 35 gold pieces
  3061 | D:3      | Bought 3 scrolls of teleportation for 90 gold pieces
  3063 | D:3      | Found a faded altar of an unknown god.
  3390 | D:3      | Noticed a water moccasin
  3963 | D:4      | Succumbed to an orc's poison

Illustrated notes

Levels and vault maps discovered:
D:1:      minmay_arrival_wavy_path, layout_basic, serial_park_tiny_pond
D:2:      layout_rooms, uniq_crazy_yiuf_cottage, uniq_jessica
D:3:      layout_basic, serial_shops, nicolae_shop_crystal,
          hellmonk_ecumenical_altar_lost_god
D:4:      layout_rooms, gammafunk_temple_overflow_forgotten

Skill      XL: |  1  2  3  4  5 |
---------------+----------------+-----
Stealth        | 1 2 3 |  3.3
Axes           | 4 |  4.6
Fighting       | |  3.8
Dodging        | |  3.8

Action                   |  1- 3 |  4- 6 || total
-------------------------+-------+-------++-------
Melee: Hand axe          |    39 |    84 ||   123
       Constrict         |    11 |    20 ||    31
       Tentacles         |     4 |    13 ||    17
       Punch             |       |     1 ||     1
Invok: Berserk           |     1 |     1 ||     2
  Use: Scroll            |     6 |     4 ||    10
       Potion            |       |     1 ||     1
 Stab: Sleeping          |     3 |     6 ||     9
Armor: Skin              |     6 |     2 ||     8
Dodge: Dodged            |    45 |    51 ||    96
Block: Other             |       |    14 ||    14
       Reflection        |       |     1 ||     1

Table legend: (Time is in decaauts)
 A = Elapsed time spent in this place.
 B = Non-inter-level travel time spent in this place.
 C = Inter-level travel time spent in this place.
 D = Time resting spent in this place.
 E = Time spent auto-exploring this place.
 F = Levels seen in this place.
 G = Mean time per level.
                   A        B        C        D        E       F      G
               +--------+--------+--------+--------+--------+-----+--------+
         Total |   3999 |   3927 |     72 |   1159 |   2287 |   4 |  999.8 |
       Dungeon |   3999 |   3927 |     72 |   1159 |   2287 |   4 |  999.8 |
               +--------+--------+--------+--------+--------+-----+--------+

Top non-repeatable levels by time:
     D:2: 1525 daAuts
     D:1: 1339 daAuts
     D:3: 1126 daAuts
     D:4: 7 daAuts
